 Dungeon Crawl Stone Soup version 0.30-a0-772-g5528072125 (webtiles) character file.

Game seed: 6927768502298961976

30 pokeman the Magician (level 3, 0/20 HPs)
             Began as a Deep Elf Hedge Wizard on Feb 12, 2023.
             Slain by a kobold
             ... wielding a +0 dagger of electrocution
              (20 damage)
             ... on level 2 of the Dungeon.
             The game lasted 00:01:19 (1258 turns).

pokeman the Magician (Deep Elf Hedge Wizard)        Turns: 1258, Time: 00:01:20

Health: 0/20       AC:  2    Str:  7    XL:     3   Next: 5%
Magic:  11/11      EV: 12    Int: 20    God:
Gold:   26         SH:  0    Dex: 14    Spells: 4/12 levels left

rFire   . . .      SeeInvis .    a - +0 dagger
rCold   . . .      Faith    .    (no shield)
rNeg    . . .      Spirit   .    b - +0 robe
rPois   .          Reflect  .    c - +0 hat
rElec   .          Harm     .    (no cloak)
rCorr   .          Rampage  .    (no gloves)
Will    .....                    (no boots)
Stlth   ++                       (no amulet)
HPRegen 0.23/turn                (no ring)
MPRegen 0.12/turn                (no ring)

@: no status effects
A: no striking features
a: no special abilities


You were on level 2 of the Dungeon.
You visited 1 branch of the dungeon, and saw 2 of its levels.

You collected 26 gold pieces.

Inventory:

Hand Weapons
 a - a +0 dagger (weapon)
Armour
 b - a +0 robe (worn)
 c - a +0 hat (worn)
Jewellery
 l - a ring of ice
Scrolls
 e - a scroll of noise {unknown}
 f - 2 scrolls of teleportation {unknown}
 i - 2 scrolls of identify {unknown}
 j - a scroll of enchant armour {unknown}
 k - 2 scrolls of enchant weapon {unknown}
Potions
 d - a potion of magic
 g - a potion of resistance {unknown}
 h - a potion of curing {unknown}


   Skills:
 + Level 0.7 Fighting
 + Level 0.7 Armour
 - Level 2.4 Dodging
 - Level 2.4 Stealth
 * Level 5.1 Spellcasting
 + Level 1.7 Conjurations
 - Level 1.1 Summonings
 - Level 1.1 Translocations


You had 4 spell levels left.
You knew the following spells:

 Your Spells              Type           Power      Damage    Failure   Level
a - Magic Dart            Conj           48%        1d5       5%          1
b - Mephitic Cloud        Conj/Pois/Air  7%         N/A       26%         3
c - Call Imp              Summ           9%         N/A       11%         2
d - Blink                 Tloc           18%        N/A       11%         2

Your spell library contained the following spells:

 Spells                   Type           Power      Damage    Failure   Level
 Slow                     Hex            20%        N/A       12%         1
 Cigotuvi's Dreadful Rot  Necr/Pois/Air  10%        N/A       17%         2


Dungeon Overview and Level Annotations

Branches:
Dungeon (1/15)

Altars:


Message History

Aim: an adder (almost dead, 100% to hit)
The magic dart hits the adder.
You kill the adder!
Your Spellcasting skill increases to level 5!
You have reached level 3!
Your experience leads to an increase in your attributes!
Increase (S)trength, (I)ntelligence, or (D)exterity?
You feel clever. x2
This spell is extremely dangerous to cast!
Memorise Mephitic Cloud, consuming 3 spell levels and leaving 8?
You start memorising the spell.
You continue memorising. x3
You finish memorising.
Spell assigned to 'b'.
Memorise Call Imp, consuming 2 spell levels and leaving 6?
You start memorising the spell.
You continue memorising. x2
You finish memorising.
Spell assigned to 'c'.
Memorise Blink, consuming 2 spell levels and leaving 4?
You start memorising the spell.
You continue memorising. x2
You finish memorising.
Spell assigned to 'd'.
You see here an adder corpse.
A frilled lizard comes into view.
Found a dagger.
Casting: Magic Dart (safe; 5% risk of failure)
Confirm with . or Enter, or press ? or * to list all spells.
Aiming: Magic Dart (safe; 5% risk of failure)
Press: ? - help, Shift-Dir - straight line, f - frilled lizard
Aim: a frilled lizard (asleep, 100% to hit)
The magic dart hits the frilled lizard.
You kill the frilled lizard!
Casting: Magic Dart (safe; 5% risk of failure)
Confirm with . or Enter, or press ? or * to list all spells.
You can't see any susceptible monsters within range! (Use Z to cast anyway.) Unknown command.
You see here a frilled lizard corpse.
You see here a +0 dagger.
A kobold comes into view.
It is wielding a +0 dagger of electrocution.
The kobold shouts!
The kobold moves out of view.
The kobold hits you but does no damage.
You are electrocuted!!
Ouch! That really hurt!
You die...

##### #........#
#..#####.##
............##
####...#####†.### ##
#....###.....# #.##
.#.#.#.#.#.#.#
....#.#.#.#.#.#..#
####.#.#.#.#.#.#.#.###
.......@#.#.#.#.#.#.#
######K#.#.#.#.#.#.##
#.##)#.#.#.#.#.#
..#.#†#.#.#.#.##
#####.#.#.#.#.#.#
#.#.#.#.#.#.##
##.#.#.#.#.#.#
#.#.#.#.#.#.##
##.#.#.#.#.#.#


You could see a kobold.

Vanquished Creatures
  An adder (D:2)
  2 goblins (D:2)
  A hobgoblin (D:1)
  4 quokkas
  A ball python (D:2)
  4 bats (D:2)
  A frilled lizard (D:2)
  6 kobolds
  4 rats
24 creatures vanquished.

Notes
Turn   | Place    | Note
-------+----------+-------------------------------------------
     0 | D:1      | pokeman the Deep Elf Hedge Wizard began the quest for the
                  | Orb.
     0 | D:1      | Reached XP level 1. HP: 10/10 MP: 7/7
   617 | D:1      | Reached XP level 2. HP: 15/15 MP: 3/9
   710 | D:1      | You fall into a shaft and drop 1 floor!
  1179 | D:2      | Reached skill level 5 in Spellcasting
  1179 | D:2      | Reached XP level 3. HP: 20/20 MP: 6/11
  1183 | D:2      | Learned a level 3 spell: Mephitic Cloud
  1186 | D:2      | Learned a level 2 spell: Call Imp
  1189 | D:2      | Learned a level 2 spell: Blink
  1258 | D:2      | Slain by a kobold

Illustrated notes

Levels and vault maps discovered:
D:1:      scummos_arrival_star, layout_loops_ring, minivault_14,
          nicolae_figureground_pulse
D:2:      layout_loops_ring, minivault_23, item_on_display_a

Skill      XL: |  1  2 |
---------------+-------+-----
Spellcasting   | 5 |  5.1
Fighting       | |  0.7
Armour         | |  0.7
Dodging        | |  2.4
Stealth        | |  2.4
Conjurations   | |  1.7
Summonings     | |  1.1
Translocations | |  1.1

Action                     || total
---------------------------++-------
   Cast: Magic Dart        ||    57
 Armour: Robe              ||     2
  Dodge: Dodged            ||     4

Table legend: (Time is in decaauts)
 A = Elapsed time spent in this place.
 B = Non-inter-level travel time spent in this place.
 C = Inter-level travel time spent in this place.
 D = Time resting spent in this place.
 E = Time spent auto-exploring this place.
 F = Levels seen in this place.
 G = Mean time per level.
                   A        B        C        D        E       F      G
               +--------+--------+--------+--------+--------+-----+--------+
         Total |   1257 |   1257 |      0 |      0 |   1138 |   2 |  628.5 |
       Dungeon |   1257 |   1257 |      0 |      0 |   1138 |   2 |  628.5 |
               +--------+--------+--------+--------+--------+-----+--------+

Top non-repeatable levels by time:
     D:1: 710 daAuts
     D:2: 547 daAuts
